 Dungeon Crawl Stone Soup version 0.19-a0-1456-gc747e27 (webtiles) character file.

832 PurpleRed the Destroyer (level 7, -7/36 HPs)
             Began as a Deep Elf Conjurer on Sept 6, 2016.
             Was an Initiate of Vehumet.
             Killed by divine providence
             ... invoked by an orc priest
              (15 damage)
             ... on level 6 of the Dungeon.
             The game lasted 00:13:01 (1555 turns).

PurpleRed the Destroyer (Deep Elf Conjurer)         Turns: 1555, Time: 00:13:01

Health: -7/36      AC:  2    Str:  5    XL:     7   Next: 65%
Magic:  5/19       EV: 13    Int: 22    God:    Vehumet [......]
Gold:   119        SH:  0    Dex: 15    Spells: 5 memorised, 5 levels left

rFire  . . .     SeeInvis .     g - +0 whip
rCold  . . .     Gourm    .     a - +0 robe
rNeg   . . .     Faith    .     (no shield)
rPois  .         Spirit   .     (no helmet)
rElec  .         Dismiss  .     (no cloak)
rCorr  .         Reflect  .     (no gloves)
MR     .....     Harm     .     (no boots)
Stlth  ++........               (no amulet)
                                (no ring)
                                (no ring)

@: no status effects
A: no striking features
a: Renounce Religion


You were on level 6 of the Dungeon.
You worshipped Vehumet.
Vehumet was noncommittal.
You were very hungry.

You visited 2 branches of the dungeon, and saw 7 of its levels.

You collected 119 gold pieces.

Inventory:

Hand Weapons
 g - a +0 whip (weapon)
 p - a +0 shortbow
Missiles
 d - 89 arrows
Armour
 a - a +0 robe (worn)
Wands
 i - a wand of paralysis (10/24)
Scrolls
 e - 5 scrolls of remove curse
 j - 2 scrolls of amnesia
 n - 3 scrolls of teleportation {unknown}
Potions
 f - a potion of berserk rage
 k - a potion of magic {unknown}
 m - a potion of curing {unknown}
 o - a potion of might {unknown}
Books
 b - a book of Conjurations

   Spells                             Type                      Level
   a - Magic Dart                     Conjuration                  1
   b - Searing Ray                    Conjuration                  2
   c - Dazzling Spray                 Conjuration/Hexes            3
   d - Fulminant Prism                Conjuration/Hexes            4
   e - Iskenderun's Mystic Blast      Conjuration                  4
   f - Iskenderun's Battlesphere      Conjuration/Charms           5
 q - a book of Fire

   Spells                             Type                      Level
   a - Ignite Poison                  Fire/Transmutation/Poison    3
   b - Fireball                       Conjuration/Fire             5
   c - Bolt of Fire                   Conjuration/Fire             6
   d - Delayed Fireball               Conjuration/Fire             7
   e - Ring of Flames                 Charms/Fire                  7
Comestibles
 c - 4 bread rations
 h - a slice of pizza
 l - 2 meat rations


   Skills:
 - Level 2.4 Dodging
 - Level 2.4 Stealth
 + Level 7.0 Spellcasting
 * Level 8.7 Conjurations
 + Level 2.4 Charms


You had 5 spell levels left.
You knew the following spells:

 Your Spells              Type           Power        Failure   Level  Hunger
a - Magic Dart            Conj           ####         1%          1    None
b - Searing Ray           Conj           #####.       1%          2    None
c - Iskenderun's Mystic   Conj           #####...     1%          4    ###....
d - Iskenderun's Battles  Conj/Chrm      ####....     28%         5    #####..
e - Dazzling Spray        Conj/Hex       ####..       4%          3    None


Dungeon Overview and Level Annotations

Branches:
Dungeon (6/15)             Temple (1/1) D:5

Altars:
Cheibriados
Fedhas
Hepliaklqana
Makhleb
Okawaru
Uskayaw
Vehumet


Message History

* * * LOW HITPOINT WARNING * * *
The searing ray hits the orc warrior.
The orc warrior is heavily wounded.
Your battlesphere fires!
The barrage of energy hits the orc priest.
The orc priest is moderately wounded.
The orc warrior closely misses you.
The searing ray hits the orc warrior.
The orc warrior is almost dead.
You finish channeling your searing ray.
You hear a shout!
Your battlesphere fires!
The barrage of energy hits the orc warrior.
You kill the orc warrior!
Vehumet accepts your kill.
Your Spellcasting skill increases to level 7!
Your Charms skill increases to level 2!
The orc priest calls down the wrath of Beogh upon you.
Beogh smites you!
You die...

#..# ..
##.# .#
#.###.#
#.##..#
#.##.# #
#.#..###
.#
#.....o##
.#
##o###)*#
#.# #.#
##@## ..#
#.#
#..##.#
#..
##....#
...
######
.>.. ....


You could see an orc priest and a friendly battlesphere.

Vanquished Creatures
  An ice beast (D:5)
  An orc warrior (D:6)
  A sky beast (D:6)
  An ogre (D:5)
  2 centaurs (D:5)
  A howler monkey (D:5)
  2 centaur skeletons
  A giant frog skeleton (D:6)
  An orc wizard (D:6)
  A worker ant (D:5)
  2 iguanas (D:4)
  A howler monkey skeleton (D:4)
  3 adders
  4 dart slugs
  A giant gecko (D:1)
  12 orcs
  4 bats
  A goblin (D:1)
  A hobgoblin (D:1)
  2 giant newts
  4 kobolds
  4 rats
51 creatures vanquished.

Vanquished Creatures (others)
  A goblin (D:3)
1 creature vanquished.

Grand Total: 52 creatures vanquished

Notes
Turn   | Place    | Note
-------+----------+-------------------------------------------
     0 | D:1      | PurpleRed the Deep Elf Conjurer began the quest for the Orb.
     0 | D:1      | Reached XP level 1. HP: 10/10 MP: 6/6
   118 | D:1      | You fall through a shaft!
   142 | D:2      | Reached XP level 2. HP: 15/15 MP: 4/8
   146 | D:2      | Learned a level 2 spell: Searing Ray
   334 | D:2      | Reached skill level 5 in Conjurations
   408 | D:3      | Reached XP level 3. HP: 19/19 MP: 6/10
   484 | D:3      | Found a snail-covered altar of Cheibriados.
   530 | D:3      | Found a hazy altar of Hepliaklqana.
   626 | D:5      | Entered Level 5 of the Dungeon
   626 | D:5      | Noticed a centaur
   659 | D:4      | Reached XP level 4. HP: 15/24 MP: 6/12
   709 | D:5      | Noticed an ice beast
   729 | D:5      | Killed an ice beast
   729 | D:5      | Reached skill level 5 in Spellcasting
   729 | D:5      | Reached skill level 6 in Conjurations
   729 | D:5      | Reached XP level 5. HP: 24/28 MP: 2/14
   769 | D:4      | Found an iron altar of Okawaru.
   778 | D:4      | Found a hide-covered altar of Uskayaw.
  1093 | D:6      | Noticed a sky beast
  1094 | D:6      | Reached skill level 7 in Conjurations
  1094 | D:6      | Reached XP level 6. HP: 28/32 MP: 1/16
  1165 | D:5      | Found a staircase to the Ecumenical Temple.
  1176 | Temple   | Entered the Ecumenical Temple
  1197 | Temple   | Became a worshipper of Vehumet
  1272 | D:5      | Learned a level 4 spell: Iskenderun's Mystic Blast
  1278 | D:5      | Learned a level 5 spell: Iskenderun's Battlesphere
  1282 | D:5      | Learned a level 3 spell: Dazzling Spray
  1359 | D:5      | Reached skill level 8 in Conjurations
  1359 | D:5      | Reached XP level 7. HP: 18/36 MP: 6/18
  1422 | D:6      | Reached skill level 1 in Charms
  1555 | D:6      | Killed from afar by an orc priest

Vault maps used:
D:1:      elethiomel_arrival_maze, minmay_parallelograms
D:2:      serial_forest, infiniplex_forest_corner_1,
          infiniplex_forest_straight_4, infiniplex_forest_lined_3,
          infiniplex_forest_3_way, infiniplex_forest_zigzag_2,
          infiniplex_forest_end_2
D:3:      grunt_temple_overflow_holy_war, old_standard_altar,
          lemuel_coloured_pillars_altar, kennysheep_slug_shrine, first_bread
D:4:      overflow_temple_1_default, kennysheep_mini_moat, led_sif_pool
D:6:      serial_shops, shop, uniq_eustachio, uniq_pikel, uniq_sigmund
Temple:   nicolae_temple_figure_zero

Skill      XL: |  1  2  3  4  5  6  7 |
---------------+----------------------+-----
Conjurations   | 5 6 7 8 |  8.7
Spellcasting   | 4 5 6 7 |  7.0
Charms         | 2 |  2.4
Dodging        | |  2.4
Stealth        | |  2.4

Action                   |  1- 3 |  4- 6 |  7- 9 || total
-------------------------+-------+-------+-------++-------
Melee: Whip              |     7 |     3 |       ||    10
 Cast: Magic Dart        |    38 |    12 |     2 ||    52
       Searing Ray       |     3 |    17 |     5 ||    25
       Iskenderun's Batt |       |       |     1 ||     1
       Dazzling Spray    |       |       |     1 ||     1
Evoke: Wand              |       |     2 |       ||     2
  Use: Scroll            |     1 |     4 |     1 ||     6
  Eat: Chunk             |       |     1 |       ||     1
Armor: Robe              |       |     1 |       ||     1
Dodge: Dodged            |    16 |    22 |     1 ||    39
